 Dungeon Crawl Stone Soup version 0.23.2-30-g0e89c35649 (webtiles) character file.

Game seed: 16950879884143325216

37 HASTUR3 the Sneak (level 3, 0/16 HPs)
             Began as a Vine Stalker Enchanter on June 21, 2019.
             Succumbed to an adder's poison
             ... on level 2 of the Dungeon.
             The game lasted 00:03:03 (828 turns).

HASTUR3 the Sneak (Vine Stalker Enchanter)           Turns: 828, Time: 00:03:04

Health: 0/16       AC:  2    Str: 10    XL:     3   Next: 41%
Magic:  1/7        EV: 12    Int: 21    God:
Gold:   80         SH:  0    Dex: 14    Spells: 3/6 levels left

rFire    . . .     SeeInvis .   a - +1 dagger
rCold    . . .     Gourm    .   (no shield)
rNeg     . . .     Faith    .   b - +0 robe
rPois    .         Spirit   +   (no helmet)
rElec    .         Reflect  .   (no cloak)
rCorr    .         Harm     .   (no gloves)
MR       .....                  (no boots)
Stlth    +++.......             (no amulet)
HPRegen  0.05/turn              (no ring)
MPRegen  0.10/turn              (no ring)

@: brilliant, lethally poisoned (0 -> -4), about to teleport, very slightly
contaminated
A: fangs 2, magic shield, antimagic bite, no potion heal 3, rot immunity
a: no special abilities


You were on level 2 of the Dungeon.
You were not hungry.

You visited 1 branch of the dungeon, and saw 2 of its levels.

You collected 80 gold pieces.

Inventory:

Hand Weapons
 a - a +1 dagger (weapon)
Armour
 b - a +0 robe (worn)
Jewellery
 h - an uncursed ring of poison resistance {unknown}
Scrolls
 c - a scroll of teleportation
 g - a scroll of enchant weapon {unknown}
 i - a scroll of immolation {unknown}
 j - a scroll of fog {unknown}
 k - a scroll of remove curse {unknown}
 l - a scroll of enchant armour {unknown}
 m - a scroll of identify {unknown}
Comestibles
 d - 3 rations
 f - a chunk of flesh


   Skills:
 - Level 0.8 Short Blades
 - Level 1.5 Dodging
 + Level 4.8 Stealth
 - Level 2.1 Spellcasting
 - Level 3.0 Hexes
 * Level 1.7 Ice Magic


You had 3 spell levels left.
You knew the following spells:

 Your Spells              Type           Power        Failure   Level  Hunger
a - Corona                Hex            ####...      1%          1    #......
b - Ensorcelled Hibernat  Hex/Ice        ###...       1%          2    ##.....

Your spell library contained the following spells:

 Spells                   Type           Power        Failure   Level  Hunger
 Confuse                  Hex            ####....     1%          3    ###....
 Tukima's Dance           Hex            ####....     1%          3    ###....
 Dazzling Spray           Conj/Hex       ###...       3%          3    ###....


Dungeon Overview and Level Annotations

Branches:
Dungeon (2/15)

Altars:


Innate Abilities, Weirdness & Mutations

You have extremely sharp teeth.
When hurt, damage is shared between your health and your magic reserves.
Your bite disrupts and absorbs the magic of your enemies.
Potions cannot restore your health.
You are immune to rotting.


Message History

Aiming: Ensorcelled Hibernation (safe; 12% risk of failure)
Press: ? - help, Shift-Dir - straight line, f/p - adder
Aim: an adder (chance to defeat MR: 50%)
The adder resists with some effort.
The adder bites you. The adder barely misses you.
You feel sick. The adder bites you.
You feel sick.
It was a potion of brilliance.
You feel clever all of a sudden. The adder closely misses you.
The adder bites you.
* * * LOW HITPOINT WARNING * * *
Found 24 arrows.
You see here a long sword.
You barely miss the adder. The adder bites you.
* * * LOW HITPOINT WARNING * * *
As you read the scroll labeled UNANOU MUNO, it crumbles to dust.
You feel strangely unstable.
It was a scroll of teleportation.
You die...

.................
.........###.##..
...####.## #.# .. #.##
#.. #..# #.# ###
##.###.# #.. #.s##.#
#.###### .
##S##.####.#....##.
..##@.....##.#.#.....
..................#..###
.............##.#....#
(...............#.#.##
....####.....####.#.#
.... #.....# #.#.####
... #.....# #.#..... ..
#.....# ..#####.
....>..# ###...#.


You could see an adder and a giant cockroach.

Vanquished Creatures
  2 adders (D:2)
  A worm (D:2)
  2 giant cockroaches (D:1)
  4 goblins (D:1)
  A hobgoblin (D:1)
  A ball python (D:1)
  3 frilled lizards
  2 kobolds (D:1)
  2 rats (D:1)
18 creatures vanquished.

Notes
Turn   | Place    | Note
-------+----------+-------------------------------------------
     0 | D:1      | HASTUR3 the Vine Stalker Enchanter began the quest for the
                  | Orb.
     0 | D:1      | Reached XP level 1. HP: 9/9 MP: 4/4
   144 | D:1      | Reached skill level 4 in Stealth
   291 | D:1      | Reached XP level 2. HP: 13/13 MP: 6/6
   295 | D:1      | Learned a level 2 spell: Ensorcelled Hibernation
   691 | D:2      | Reached skill level 1 in Ice Magic
   691 | D:2      | Reached XP level 3. HP: 16/16 MP: 4/7
   828 | D:2      | Succumbed to an adder's poison

Skill      XL: |  1  2 |
---------------+-------+-----
Stealth        | 4 |  4.8
Ice Magic      | 1 |  1.7
Short Blades   | |  0.8
Dodging        | |  1.5
Spellcasting   | |  2.1
Hexes          | |  3.0

Action                   || total
-------------------------++-------
Melee: Dagger            ||    36
       Bite              ||     4
 Cast: Corona            ||     1
       Ensorcelled Hiber ||     5
  Use: Scroll            ||     1
       Potion            ||     1
 Stab: Sleeping          ||    11
Armor: Robe              ||     8
Dodge: Dodged            ||    13
